 Dungeon Crawl Stone Soup version 0.25.0 (webtiles) character file.

Game seed: 9179032135351000783

6769 grindst0ne the Fighter (level 11, -7/72 HPs)
             Began as a Gargoyle Fighter on June 12, 2020.
             Was a Believer of Ru.
             Mangled by a rust devil (11 damage)
             ... on level 8 of the Dungeon.
             The game lasted 00:15:45 (8052 turns).

grindst0ne the Fighter (Gargoyle Fighter)           Turns: 8052, Time: 00:15:46

Health: -7/72      AC: -5    Str: 29    XL:     11   Next: 4%
Magic:  14/14      EV:  9    Int:  9    God:    Ru [**....]
Gold:   514        SH: 18    Dex: 15    Spells: 10/10 levels left

rFire    x x .     SeeInvis .   a - +0 war axe
rCold    + . .     Gourm    .   c - +0 kite shield
rNeg     + . .     Faith    .   j - +0 ice dragon scales
rPois    ∞         Spirit   .   (no helmet)
rElec    +         Reflect  +   J - +0 cloak
rCorr    .         Harm     .   e - +0 pair of gloves
MR       .....                  (no boots)
Stlth    ..........             A - amulet of reflection
HPRegen  0.22/turn              q - +6 ring of strength
MPRegen  0.14/turn              s - +6 ring of dexterity

@: about to teleport, corroded
A: negative energy resistance 1, electricity resistance, unbreathing,
petrification resistance, rot immunity, temperature sensitive, AC +8
a: Renounce Religion


You were on level 8 of the Dungeon.
You worshipped Ru.
Ru was pleased with you.
You were not hungry.

You visited 2 branches of the dungeon, and saw 10 of its levels.
You also visited: Sewer.

You collected 514 gold pieces.

Inventory:

Hand Weapons
 a - a +0 war axe (weapon)
 i - a +1 dagger of venom
 n - a +0 falchion of holy wrath
 E - the +4 long sword of Disgust {elec, rElec rC- MR- SInv}
   (You found it on level 6 of the Dungeon)

   Occasionally, upon striking a foe, it will discharge some electrical energy
   and cause terrible harm.
   It makes you vulnerable to cold.
   It insulates you from electricity.
   It affects your resistance to hostile enchantments.
   It lets you see invisible.
Armour
 c - a +0 kite shield (worn)
 e - a +0 pair of gloves (worn)
 j - +0 ice dragon scales (worn)
 z - +0 swamp dragon scales
 C - a +0 plate armour
 J - a +0 cloak (worn)
 K - the cursed +1 leather armour of Dyspraxia {rF+ Str+5, unknown}
   (You found it on level 8 of the Dungeon)

   It affects your strength (+5).
   It protects you from fire.
   It has a curse placed upon it.
Jewellery
 k - an uncursed ring of protection from magic
 q - a +6 ring of strength (left hand)
 s - a +6 ring of dexterity (right hand)
 A - an amulet of reflection (around neck)
 M - an uncursed ring of protection from fire {unknown}
Wands
 b - a wand of clouds (6)
 d - a wand of disintegration (11)
 w - a wand of enslavement (8)
 I - a wand of paralysis (8)
Scrolls
 h - a scroll of magic mapping
 l - 2 scrolls of teleportation
 m - a scroll of enchant weapon {unknown}
 o - 3 scrolls of immolation {unknown}
 r - 2 scrolls of amnesia {unknown}
 u - 7 scrolls of remove curse
 y - 3 scrolls of blinking
 G - a scroll of fear {unknown}
 L - 3 scrolls of vulnerability {unknown}
Potions
 g - a potion of ambrosia
 p - 4 potions of curing
 t - 3 potions of brilliance
 v - 4 potions of mutation
 x - a potion of cancellation {unknown}
 D - a potion of might
 H - a potion of flight {unknown}
Comestibles
 f - 14 rations


   Skills:
 + Level 10.0 Fighting
 + Level 8.2 Axes
 + Level 6.3 Armour
 + Level 10.0 Shields
 + Level 4.3 Evocations


You had 10 spell levels left.
You didn't know any spells.
Your spell library contained the following spells:

 Spells                   Type           Power        Failure   Level  Hunger
 Animate Skeleton         Necr           N/A          87%         1    ##.....
 Beastly Appendage        Tmut           #.....       87%         1    ##.....
 Pain                     Necr           #...         87%         1    ##.....
 Sticks to Snakes         Tmut           #.......     95%         2    ###....
 Spider Form              Tmut/Pois      #.........   99%         3    ####...
 Vampiric Draining        Necr           #.........   99%         3    ####...
 Animate Dead             Necr           N/A          100%        4    #####..
 Ice Form                 Ice/Tmut       #.......     100%        4    #####..
 Agony                    Necr           #.......     100%        5    ######.
 Blade Hands              Tmut           #.........   100%        5    ######.


Dungeon Overview and Level Annotations

Branches:
Dungeon (9/15)             Temple (1/1) D:4           Sewer (visited)
   Lair: D:8-11         Orc: D:9-12

Altars:
Ashenzari
Cheibriados
Dithmenos
Elyvilon
Fedhas
Gozag
Hepliaklqana
Kikubaaqudgha
Makhleb
Nemelex Xobeh
Okawaru
Qazlal
Ru
Sif Muna
Trog
Uskayaw
Vehumet
Wu Jian
Xom
Yredelemnul
Zin
The Shining One

Shops:
D:6 =

Annotations:
D:5 exclusion: 2 downstairs


Innate Abilities, Weirdness & Mutations

You are resistant to torment.
Your stone body is resilient. (AC +8)
You are immune to poison.
You resist negative energy. (rN+)
You are resistant to electric shocks. (rElec)
You can survive without breathing.
You are immune to petrification.
You are immune to rotting.
You are sensitive to extremes of temperature. (rF-, rC-)


Message History

You closely miss the orc warrior.
The orc warrior is severely wounded.
You hit the rust devil but do no damage.
You hit the rust devil. You closely miss the orc warrior.
The orc warrior hits you with a +0 mace!
* * * LOW HITPOINT WARNING * * *
You block the orc warrior's attack. The rust devil closely misses you.
The rust devil barely misses you.
Okay, then.
You feel much better. You block the orc warrior's attack. x2
The rust devil closely misses you. The rust devil hits you!
The rust devil corrodes you!
As you read the scroll of teleportation, it crumbles to dust.
You feel strangely unstable. You block the orc warrior's attack.
You block the rust devil's attack.
The orc warrior hits you with a +0 scimitar!!
* * * LOW HITPOINT WARNING * * *
You block the rust devil's attack. The rust devil hits you!
You die...

#.# #..# ##.......## #.# #.##
#..#####..### #.# #.# ##.##
##...# #.#####.###..#########.#
....................[..#
.....##...#######..#####
..##.....#####.....### #######
..###...####...###...###.....#
.............###@###..##.....# ##
....###.###.##♣..4♣##.##.....# #.
#.#.#.......#).oo4.)#...)....# #.
#.#.#..(...###.....###)#.....# #.
#.#.#......# +..8..+ #.......# #.
#.#.#......###.....###......<# #.
#.#.#.......#).....)#........# #.
..#..)....#.##♣...♣##...###### #.
####(######..###∩###......######.


You could see 2 rust devils and 2 orc warriors.

Vanquished Creatures
  A two-headed ogre (D:8)
  Maurice (D:8)
  Maggie (D:6)
  A queen bee (D:8)
  2 hippogriffs
  Eustachio (D:4)
  A swamp worm (D:8)
  Menkaure (D:5)
  A black bear (D:8)
  5 sky beasts
  2 ice beasts
  3 orc warriors
  A phantom (D:5)
  3 ogres
  5 centaurs
  A crocodile (Sewer)
  2 big kobolds
  5 bullfrogs
  6 scorpions
  18 killer bees (D:8)
  5 wights (D:9)
  2 howler monkeys (D:4)
  3 crimson imps
  2 centaur zombies
  A hound (D:5)
  4 orc priests
  A bullfrog skeleton (D:6)
  4 orc wizards
  2 centaur skeletons
  An iguana (D:6)
  6 worker ants
  A killer bee zombie (D:8)
  A hound skeleton (D:4)
  16 adders
  2 shadow imps (D:8)
  An ooze (D:3)
  An adder zombie (D:8)
  4 worms
  2 dart slugs
  5 leopard geckos
  18 orcs
  2 giant cockroaches (D:8)
  7 hobgoblins
  15 jackals
  20 kobolds
  3 quokkas (D:5)
  6 ball pythons
  A bat (D:3)
  2 frilled lizards
  4 goblins
  A quokka skeleton (D:5)
  12 rats
  A plant (D:8)
217 creatures vanquished.

Vanquished Creatures (others)
  2 killer bees (D:8)
  A plant (D:8)
3 creatures vanquished.

Grand Total: 220 creatures vanquished

Notes
Turn   | Place    | Note
-------+----------+-------------------------------------------
     0 | D:1      | grindst0ne the Gargoyle Fighter began the quest for the
                  | Orb.
     0 | D:1      | Reached XP level 1. HP: 14/14 MP: 1/1
   301 | D:1      | Reached XP level 2. HP: 19/19 MP: 2/2
   867 | D:2      | Reached XP level 3. HP: 24/24 MP: 3/3
   985 | D:2      | Reached XP level 4. HP: 21/29 MP: 4/4
  1379 | D:2      | Found a burning altar of Makhleb.
  2151 | D:3      | Reached XP level 5. HP: 34/34 MP: 5/5
  2311 | D:3      | Found a shadowy altar of Dithmenos.
  2653 | D:4      | Found an opulent altar of Gozag.
  2673 | D:4      | Noticed Eustachio
  2691 | D:4      | Noticed a sky beast
  2720 | D:4      | Reached XP level 6. HP: 15/40 MP: 6/6
  2724 | D:4      | Killed a sky beast
  2724 | D:4      | Reached skill level 5 in Fighting
  2724 | D:4      | Reached skill level 5 in Shields
  2738 | D:4      | Killed Eustachio
  2738 | D:4      | Reached XP level 7. HP: 40/44 MP: 7/7
  2739 | D:4      | Found a staircase to the Ecumenical Temple.
  2770 | Temple   | Entered the Ecumenical Temple
  3141 | D:4      | Found a glowing drain.
  3152 | Sewer    | Entered a sewer
  3729 | D:5      | Entered Level 5 of the Dungeon
  3829 | D:5      | Reached XP level 8. HP: 47/52 MP: 8/8
  3895 | D:5      | Reached skill level 5 in Axes
  4077 | D:5      | Found a white marble altar of Elyvilon.
  4553 | D:6      | Found Labaegg's Jewellery Shoppe.
  4553 | D:6      | Noticed Maggie
  4553 | D:6      | Noticed Menkaure
  4893 | D:5      | Killed Menkaure
  4906 | D:5      | Reached XP level 9. HP: 29/58 MP: 9/9
  5113 | D:6      | Killed Maggie
  5164 | D:6      | Found a basalt altar of Yredelemnul.
  5220 | D:6      | Found an ancient bone altar of Kikubaaqudgha.
  5220 | D:6      | Found a sacrificial altar of Ru.
  5237 | D:6      | Found a faded altar of an unknown god.
  5239 | D:6      | Became a worshipper of Ru the Awakened
  5242 | D:6      | Found an iron altar of Okawaru.
  5244 | D:6      | Found a hazy altar of Hepliaklqana.
  5540 | D:6      | Got an ichor-stained long sword
  5541 | D:6      | Identified the +4 long sword of Disgust {elec, rElec rC-
                  | MR- SInv} (You found it on level 6 of the Dungeon)
  5673 | D:7      | Reached skill level 1 in Evocations
  6156 | D:8      | Noticed Maurice
  6170 | D:8      | Killed Maurice
  6170 | D:8      | Reached XP level 10. HP: 62/66 MP: 11/11
  6344 | D:8      | Gained mutation: You are sensitive to extremes of
                  | temperature. (rF-, rC-) [Ru sacrifice]
  6344 | D:8      | Reached * piety under Ru
  6344 | D:8      | Reached ** piety under Ru
  6426 | D:8      | Got a bloodstained leather armour
  6492 | D:8      | Reached skill level 5 in Armour
  6996 | D:8      | Found a white marble altar of Elyvilon.
  7084 | D:8      | Noticed a two-headed ogre
  7098 | D:8      | Killed a two-headed ogre
  7589 | D:9      | Reached skill level 10 in Fighting
  7589 | D:9      | Reached XP level 11. HP: 70/72 MP: 14/14
  7673 | D:9      | Reached skill level 10 in Shields
  8052 | D:8      | Mangled by a rust devil

Illustrated notes

Levels and vault maps discovered:
D:1:      grunt_arrival_crossed_arrows, layout_basic
D:2:      layout_loops_ring, old_standard_altar
D:3:      layout_basic, old_standard_altar
D:4:      layout_loops_cross, temple_statues, cheibrodos_sewer_entry_drain,
          first_ration, nicolae_gozag_cash_rules_everything_around_me,
          uniq_eustachio
D:5:      layout_gridville, elyvilon_altar_4
D:6:      minmay_general_purpose_star, layout_rooms, old_standard_altar,
          chequers_temple_overflow_minitemple, serial_shops, shop, uniq_maggie,
          uniq_menkaure
D:7:      layout_cave_pools
D:8:      cheibrodos_iron_armory, layout_rooms, basic_altar, david_nohive_1,
          worms_lemuel, uniq_maurice
D:9:      layout_loops_corners, orc_0_dummy, minmay_strange_pillars
Temple:   regret_index_temple_waves

Skill      XL: |  1  2  3  4  5  6  7  8  9 10 11 |
---------------+----------------------------------+-----
Axes           | 2 3 4 6 7 8 |  8.2
Fighting       | 4 5 6 7 9 10 | 10.0
Shields        | 4 5 6 7 9 10 | 10.0
Evocations     | 2 4 |  4.3
Armour         | 4 6 |  6.3

Action                   |  1- 3 |  4- 6 |  7- 9 | 10-12 || total
-------------------------+-------+-------+-------+-------++-------
Melee: War axe           |    63 |   184 |   318 |   352 ||   917
Invok: Sacrifice Resista |       |       |       |     1 ||     1
Evoke: Wand              |       |       |     9 |       ||     9
  Use: Scroll            |       |     3 |     4 |     3 ||    10
       Potion            |       |     3 |     7 |     2 ||    12
 Stab: Sleeping          |       |       |     2 |       ||     2
       Invisible         |       |       |     2 |       ||     2
  Eat: Chunk             |       |     6 |     8 |     7 ||    21
       Ration            |       |       |     1 |       ||     1
Armor: Scale mail        |    28 |   175 |    10 |     1 ||   214
       Ice dragon scales |       |       |   130 |   105 ||   235
Dodge: Dodged            |    17 |   100 |    82 |    82 ||   281
Block: Kite shield       |    31 |   151 |   251 |   331 ||   764
       Reflection        |       |       |     4 |     6 ||    10
